 Dungeon Crawl Stone Soup version 0.24-a0-525-g9231cdcba1 (webtiles) character file.

Game seed: 16117299478777192999

2628238 Arang the Merfolkian Porcupine (level 27, 231/231 HPs)
             Began as a Merfolk Gladiator on July 31, 2019.
             Was the Champion of Hepliaklqana.
             Escaped with the Orb
             ... and 5 runes on Aug 2, 2019!
             The game lasted 10:11:46 (110636 turns).

Arang the Merfolkian Porcupine (MfGl)             Turns: 110636, Time: 10:11:47

Health: 231/231    AC: 55    Str: 26    XL:     27
Magic:  39/41      EV: 20    Int: 11    God:    Hepliaklqana [******]
Gold:   4010       SH: 18    Dex: 18    Spells: 40/54 levels left

rFire    + + +     SeeInvis .   a - +9 demon trident (freeze)
rCold    + + +     Gourm    .   x - +0 shield {rN+}
rNeg     + + +     Faith    .   P - +8 gold dragon scales
rPois    +         Spirit   +   g - +2 hat of the Bear Spirit {Spirit, +Rage rN+ MR++}
rElec    +         Reflect  +   M - +4 dragonskin cloak
rCorr    .         Harm     .   S - +1 pair of gloves {Str+3}
MR       ++++.                  c - +0 pair of boots "Vyzunyu" {rElec rN+ Regen+}
Stlth    ..........             T - amulet of Symmetry {Reflect rPois Slay+2 SH+3}
HPRegen  0.88/turn              u - +3 ring of slaying
MPRegen  0.27/turn              h - ring of the Battered Cities {rF+ AC+5}

@: hasted, very quick
A: change form in water, swift swim, stealthy swim, reduced essence, beak, icy
blue scales 1, molten scales 1, rugged brown scales 1, agile 1, cold resistance
1, fire resistance 1, screaming 2, inhibited regeneration, evolution 1
0: Orb of Zot
}: 5/15 runes: serpentine, barnacled, slimy, silver, abyssal
a: Recall Ancestor, Ancestor Identity, Transference, Idealise, Renounce
Religion, Evoke Berserk Rage


You escaped.
You worshipped Hepliaklqana.
Hepliaklqana was exalted by your worship.
You were not hungry.

You visited 12 branches of the dungeon, and saw 58 of its levels.
You visited the Abyss 21 times.
You visited 1 ziggurat, and saw 9 of its levels.
You also visited: Sewer.

You collected 9348 gold pieces.
You spent 5338 gold pieces at shops.

Inventory:

Hand Weapons
 a - a +9 demon trident of freezing (weapon)
 b - the +6 demon trident "Alegouno" {flame, SInv}
   (You took it off a deep elf mage on level 5 of the Vaults)

   It has been specially enchanted to burn those struck by it, causing extra
   injury to most foes and up to half again as much damage against particularly
   susceptible opponents.
   It lets you see invisible.
Missiles
 d - 10 throwing nets
 H - 55 silver javelins (quivered)
 Z - 45 javelins
Armour
 c - the +0 pair of boots "Vyzunyu" (worn) {rElec rN+ Regen+}
   (You found it on level 13 of the Dungeon)

   It insulates you from electricity.
   It protects you from negative energy.
   It increases your rate of regeneration.
 g - the +2 hat of the Bear Spirit (worn) {Spirit, +Rage rN+ MR++}
   (You bought it in a shop on level 2 of the Depths)

   It protects you from negative energy.
   It affects your resistance to hostile enchantments.
   It lets you go berserk.
 x - a +0 shield of positive energy (worn)
 M - the +4 dragonskin cloak (worn)
   (You took it off Tiamat on level 4 of the Realm of Zot)
 P - +8 gold dragon scales (worn)
 S - a +1 pair of gloves of strength (worn)
Jewellery
 h - the ring of the Battered Cities (right hand) {rF+ AC+5}
   (You bought it in a shop on level 3 of the Elven Halls)

   [ring of protection]

   It affects your AC (+5).
   It protects you from fire.
 p - an uncursed ring of see invisible
 u - a +3 ring of slaying (left hand)
 w - an uncursed ring of protection from fire
 A - an uncursed ring of protection from cold
 T - the amulet of Symmetry (around neck) {Reflect rPois Slay+2 SH+3}
   (You found it on level 5 of the Pits of Slime)

   [amulet of reflection]

   It shields you and reflects attacks.
   It affects your accuracy and damage with ranged weapons and melee attacks
   (+2).
   It protects you from poison.
   It affects your SH (+3).
Wands
 B - a wand of acid (16)
 F - a wand of digging (28)
 J - a wand of iceblast (68)
 U - a wand of clouds (14)
Scrolls
 e - 50 scrolls of remove curse
 i - 5 scrolls of silence
 l - 7 scrolls of blinking
 q - 12 scrolls of magic mapping
 r - a scroll of summoning
 s - 12 scrolls of identify
 t - 16 scrolls of teleportation
 v - 6 scrolls of fog
 V - 16 scrolls of fear
 W - 7 scrolls of immolation
Potions
 j - 8 potions of berserk rage
 k - 3 potions of haste
 m - 4 potions of magic
 n - 28 potions of curing
 o - 5 potions of might
 y - 5 potions of cancellation
 C - 12 potions of brilliance
 E - 5 potions of invisibility
 I - 5 potions of ambrosia
 K - 13 potions of agility
 L - 5 potions of heal wounds
 N - 10 potions of mutation
 Q - 7 potions of resistance
 Y - 12 potions of lignification
Miscellaneous
 D - 2 phantom mirrors
 G - a lamp of fire
 O - a phial of floods
 R - a sack of spiders
 X - 3 boxes of beasts
Comestibles
 f - 52 rations


   Skills:
 O Level 27 Fighting
 O Level 27 Polearms
 - Level 16.3 Throwing
 - Level 23.0 Armour
 - Level 24.0 Dodging
 - Level 1.1 Stealth
 - Level 15.0 Shields
 - Level 14.2 Spellcasting
 - Level 7.2 Hexes
 - Level 10.3 Charms
 - Level 7.6 Necromancy
 - Level 5.3 Translocations
 - Level 10.0 Transmutations
 - Level 4.5 Earth Magic
 * Level 18.1 Invocations
 * Level 19.8 Evocations


You had 40 spell levels left.
You knew the following spells:

 Your Spells              Type           Power        Failure   Level  Hunger
a - Confusing Touch       Hex            ###...       4%          1    None
b - Blink                 Tloc           N/A          14%         2    None
c - Apportation           Tloc           ###...       10%         1    None
d - Passwall              Tmut/Erth      ###.....     6%          2    None
e - Song of Slaying       Chrm           ####....     1%          2    None
f - Spectral Weapon       Hex/Chrm       ####....     7%          3    None
g - Regeneration          Chrm/Necr      ####......   6%          3    None

Your spell library contained the following spells:

 Spells                   Type           Power        Failure   Level  Hunger
 Beastly Appendage        Tmut           ####..       1%          1    None
 Infusion                 Chrm           ####         1%          1    None
 Animate Skeleton         Necr           N/A          3%          1    None
 Pain                     Necr           ###.         3%          1    None
 Corona                   Hex            ###....      4%          1    None
 Shroud of Golubria       Chrm/Tloc      ####..       4%          2    None
 Corpse Rot               Necr           N/A          5%          2    None
 Sublimation of Blood     Necr           ###.......   5%          2    None
 Slow                     Hex            ###.....     6%          2    None
 Vampiric Draining        Necr           ###.......   11%         3    None
 Sandblast                Erth           ###...       13%         1    None
 Confuse                  Hex            ###.....     13%         3    None
 Tukima's Dance           Hex            ###.....     13%         3    None
 Swiftness                Chrm/Air       ###.....     16%         2    None
 Portal Projectile        Hex/Tloc       ###...       19%         3    None
 Ensorcelled Hibernation  Hex/Ice        ###...       28%         2    None
 Gell's Gravitas          Tloc           ###.......   28%         3    None
 Lesser Beckoning         Tloc           ###.......   28%         3    None
 Teleport Other           Tloc           ###.....     28%         3    None
 Ozocubu's Armour         Chrm/Ice       ###.....     30%         3    None
 Animate Dead             Necr           N/A          36%         4    ###....
 Cause Fear               Hex            ###.......   38%         4    ###....
 Petrify                  Tmut/Erth      ###.....     38%         4    ###....
 Dazzling Spray           Conj/Hex       ###...       50%         3    None
 Inner Flame              Hex/Fire       ###.....     50%         3    None
 Summon Guardian Golem    Hex/Summ       ###.....     50%         3    None
 Excruciating Wounds      Chrm/Necr      ####......   50%         5    #####..
 Ignite Poison            Fire/Tmut/Pois ###.....     54%         3    None
 Yara's Violent Unravell  Hex/Tmut       ####......   54%         5    #####..
 Leda's Liquefaction      Hex/Erth       ###.......   58%         4    ###....
 Flame Tongue             Conj/Fire      #....        63%         1    None
 Freeze                   Ice            #...         63%         1    None
 Magic Dart               Conj           #...         63%         1    None
 Summon Butterflies       Summ           #.......     63%         1    None
 Summon Small Mammal      Summ           #...         63%         1    None
 Recall                   Summ/Tloc      N/A          63%         3    None
 Stone Arrow              Conj/Erth      ##....       69%         3    None
 Ice Form                 Ice/Tmut       ###.....     71%         4    ###....
 Agony                    Necr           ###.....     71%         5    #####..
 Dispel Undead            Necr           ###.....     71%         5    #####..
 Call Imp                 Summ           #.......     77%         2    None
 Poisonous Vapours        Pois/Air       #.....       77%         2    None
 Throw Flame              Conj/Fire      #.....       77%         2    None
 Throw Frost              Conj/Ice       #.....       77%         2    None
 Hydra Form               Tmut           ####......   90%         6    ######.
 Call Canine Familiar     Summ           #.......     94%         3    None
 Conjure Flame            Conj/Fire      #.......     94%         3    None
 Mephitic Cloud           Conj/Pois/Air  #.......     94%         3    None
 Force Lance              Conj/Tloc      ##......     95%         4    ###....
 Iskenderun's Battlesphe  Conj/Chrm      ###.....     95%         5    #####..
 Alistair's Intoxication  Tmut/Pois      ###.....     96%         5    #####..
 Irradiate                Conj/Tmut      ###.......   96%         5    #####..
 Lee's Rapid Deconstruct  Erth           ###.......   98%         5    #####..
 Bolt of Draining         Conj/Necr      ###.......   99%         5    #####..
 Metabolic Englaciation   Hex/Ice        ###.......   99%         5    #####..
 Silence                  Hex/Air        ###.......   99%         5    #####..
 Statue Form              Tmut/Erth      ###......    99%         6    ######.
 Sticky Flame             Conj/Fire      #.......     100%        4    ###....
 Summon Ice Beast         Ice/Summ       #.......     100%        4    ###....
 Summon Lightning Spire   Summ/Air       #.......     100%        4    ###....
 Throw Icicle             Conj/Ice       #.......     100%        4    ###....
 Bolt of Magma            Conj/Fire/Erth ##........   100%        5    #####..
 Fireball                 Conj/Fire      #.........   100%        5    #####..
 Summon Forest            Summ/Tloc      ##........   100%        5    #####..
 Bolt of Cold             Conj/Ice       #.........   100%        6    ######.
 Bolt of Fire             Conj/Fire      #.........   100%        6    ######.
 Conjure Ball Lightning   Conj/Air       #.........   100%        6    ######.
 Darkness                 Hex            ###.......   100%        6    ######.
 Deflect Missiles         Chrm/Air       ###.......   100%        6    ######.
 Dispersal                Tloc           ###.......   100%        6    ######.
 Freezing Cloud           Conj/Ice/Air   #.........   100%        6    ######.
 Invisibility             Hex            ###.....     100%        6    ######.
 Iron Shot                Conj/Erth      ##........   100%        6    ######.
 Ozocubu's Refrigeration  Ice            #.........   100%        6    ######.
 Simulacrum               Ice/Necr       ###.......   100%        6    ######.
 Dragon Form              Tmut           ####......   100%        7    #######
 Haunt                    Necr/Summ      ###.......   100%        7    #######
 Malign Gateway           Summ/Tloc      ##........   100%        7    #######
 Monstrous Menagerie      Summ           #.........   100%        7    #######
 Ring of Flames           Chrm/Fire      ###.......   100%        7    #######
 Spellforged Servitor     Conj/Summ      #.........   100%        7    #######
 Summon Greater Demon     Summ           #.........   100%        7    #######
 Summon Hydra             Summ           #.........   100%        7    #######
 Borgnjor's Revivificati  Necr           ###.......   100%        8    #######
 Controlled Blink         Tloc           N/A          100%        8    #######
 Death's Door             Chrm/Necr      ####......   100%        8    #######
 Discord                  Hex            ###.......   100%        8    #######
 Disjunction              Tloc           ###.......   100%        8    #######
 Infestation              Necr           ###.......   100%        8    #######
 Necromutation            Tmut/Necr      ####......   100%        8    #######
 Summon Horrible Things   Summ           #.........   100%        8    #######
 Dragon's Call            Summ           #.........   100%        9    #######
 Shatter                  Erth           ###.......   100%        9    #######
 Tornado                  Air            #.........   100%        9    #######
 Passage of Golubria      Tloc           Unusable     N/A         4    N/A

Dungeon Overview and Level Annotations

Branches:
Dungeon (15/15)            Temple (1/1) D:4            Lair (6/6) D:8
 Shoals (4/4) Lair:3        Snake (4/4) Lair:2        Slime (5/5) Lair:5
    Orc (2/2) D:10            Elf (3/3) Orc:2        Vaults (5/5) D:14
  Crypt (3/3) Vaults:3       Tomb (0/3) Crypt:3      Depths (5/5) D:15
    Zot (5/5) Depths:5

Altars:
Ashenzari
Cheibriados
Dithmenos
Fedhas
Hepliaklqana
Kikubaaqudgha
Makhleb
Nemelex Xobeh
Okawaru
Qazlal
Sif Muna
Trog
Uskayaw
Vehumet
Xom
Yredelemnul
Zin
Jiyva

Shops:
D:14 (   Orc:2 (=(?   Elf:1 %   Elf:2 ==}}   Elf:3 =   Shoals:3 *
Snake:3 [(=[   Vaults:1 %   Vaults:2 %   Vaults:4 *   Vaults:5 [   Depths:2 [

Portals:
Hell: Depths:1 Depths:2 Depths:3 Depths:4 Depths:5
Abyss: Depths:1 Depths:2 Depths:4
Pandemonium: Depths:3

Annotations:
D:2 exclusion: 2 downstairs
D:8 exclusion: downstairs
D:9 exclusion: 2 downstairs
D:14 exclusion: 2 downstairs
Lair:3 exclusion: 3 downstairs
Slime:4 exclusion: downstairs
Elf:2 3 runed translucent doors, exclusion: downstairs
Depths:2 exclusion: downstairs
Depths:3 6 runed translucent doors
Zot:3 1 transporter


Innate Abilities, Weirdness & Mutations

You revert to your normal form in water.
You are very nimble and swift while swimming.
You are very stealthy in the water. (Stealth+)
Your life essence is reduced to manifest your ancestor. (-10% HP)
You have a beak for a mouth.
You are partially covered in icy blue scales. (AC +2)
You are partially covered in molten scales. (AC +2)
You are partially covered in rugged brown scales. (AC +1, +3% HP)
You are agile. (Dex +2)
Your flesh is cold resistant. (rC+)
Your flesh is heat resistant. (rF+)
You sometimes yell uncontrollably at your foes.
You do not regenerate when monsters are visible.
You evolve.


Message History

Aiming: Passwall (safe; 6% risk of failure)
Press: ? - help, Dir - move target cursor A rock wall.
This square is covered in magical glow.
You begin to meditate on the wall.
You continue meditating on the rock. x3
You finish merging with the rock.
Casting: Passwall (safe; 6% risk of failure)
Confirm with . or Enter, or press ? or * to list all spells.
Aiming: Passwall (safe; 6% risk of failure)
Press: ? - help, Dir - move target cursor A rock wall.
This square is covered in magical glow.
You begin to meditate on the wall.
You continue meditating on the rock. x2
You finish merging with the rock.
Your legs become a tail as you dive into the water.
The +0 pair of boots "Vyzunyu" {rElec rN+ Regen+} melds into your body.
Floosh!
The +0 pair of boots "Vyzunyu" {rElec rN+ Regen+} unmelds from your body.
There is a staircase leading out of the dungeon here.
You have escaped!

....# ####.#.####.#.### #......
#.#.#######.#....#.#.#.# #.#####
#.#..............#.#.#.####.#
#.#########.######.#.#......#####
#.#### #........#.#.#.........
.....# ##########...........##
.....## ####≈≈≈≈≈#####.#.....#.#.
......###8........## #.#####.#.##
.....''.........@..# #...........
.....####8........## #######.#.##
.....'..####≈≈≈≈≈## ##### #.#.#
.....##.# ####### #...# #.#.#
#######'##### #...# #.#.## ..#
#.......# #...# #.....
..###.......# #...#####.##
............# #.........#
............# #.......###


There were no monsters in sight!

Vanquished Creatures
  Dissolution (Slime:2)
  the Royal Jelly (Slime:5)
  9 ancient liches
  Tiamat (Zot:4)
  5 orbs of fire
  A juggernaut (Depths:4)
  The ghost of Jidasm the Warrior, a veteran GrFi of the Shining One (Crypt:1)
  Boris (4 times) (Vaults:3 Depths:3 Crypt:1 Crypt:2)
  A shard shrike (Zot:2)
  Saint Roka (Depths:1)
  6 Killer Klowns
  Vashnia (Snake:4)
  Sojobo (Crypt:1)
  Xtahua (Vaults:4)
  A caustic shrike (Depths:3)
  A curse toe (Zot:4)
  2 pandemonium lords
  9 golden dragons
  Jory (Vaults:3)
  19 bone dragons
  4 profane servitors
  the Enchantress (Depths:3)
  3 electric golems
  The ghost of motoroller71 the Severer, an adept HuGl of Makhleb (Vaults:4)
  10 liches
  22 tentacled monstrosities
  4 Hell Sentinels
  An iron giant (Zig:8)
  24 Orb Guardians
  4 deep elf blademasters
  Asterion (Depths:3)
  3 titans
  The ghost of Ecatez the Peltast, an adept HOMo of Beogh (Vaults:3)
  2 deep elf master archers (Elf:3)
  22 acid blobs
  4 quicksilver dragons
  2 krakens
  8 Executioners
  5 sphinxes
  An eldritch tentacle (Elf:2)
  6 ancient champions
  50 tentacled starspawn
  3 draconian monks
  9 death cobs
  13 azure jellies
  13 storm dragons
  5 tengu reavers
  8 shadow dragons
  3 revenants
  6 nagarajas
  5 daevas (Abyss:1)
  9 fire giants
  A blood saint (Zig:9)
  4 iron dragons
  A draconian knight (Zot:3)
  14 vault wardens
  2 ghost moths
  5 cacodemons
  15 frost giants
  5 balrugs
  15 ghouls
  2 draconian shifters
  5 deep elf elementalists
  A draconian scorcher (Zot:3)
  11 deep elf sorcerers
  2 draconian annihilators
  3 draconian stormcallers
  19 ironheart preservers
  A curse skull (Crypt:1)
  5 reapers
  4 spriggan defenders (Depths:3)
  22 stone giants
  5 war gargoyles
  An ophan (Abyss:2)
  9 vampire knights
  46 very ugly things
  2 corrupters (Zig:9)
  10 deep elf demonologists
  4 black draconians
  11 green draconians
  9 purple draconians
  19 spark wasps
  2 dire elephants (Lair:6)
  6 white draconians
  8 deep elf annihilators
  A minotaur (Shoals:3)
  2 pearl dragon zombies (Depths:3)
  5 red draconians
  5 yellow draconians
  3 lorocyprocas (Abyss:1)
  4 eidola
  2 quicksilver dragon zombies
  The ghost of Sigygo the Fighter, a journeyman DsFi of Gozag (Lair:4)
  4 merfolk javelineers
  8 fire dragons
  5 blizzard demons
  15 ettins
  4 crystal guardians
  6 green deaths
  9 merfolk impalers
  7 deep elf death magi
  5 deep elf high priests
  Josephine (D:10)
  8 jiangshi
  12 yaktaur captains
  6 death oozes (Slime:5)
  The ghost of For Bec the Geomancer, a journeyman GrEE of Vehumet (D:14)
  A quicksilver dragon skeleton (Crypt:3)
  23 great orbs of eyes
  13 ice dragons
  17 rakshasas
  10 hydras
  22 naga warriors
  15 anacondas
  7 spriggan air magi
  28 vault guards
  4 catoblepae
  2 alligator snapping turtles
  5 merfolk aquamancers
  6 death knights
  6 tengu warriors
  6 centaur warriors
  3 merfolk avatars
  13 ogre magi
  3 satyrs
  16 hell hogs
  38 two-headed ogres
  7 death yaks
  9 spriggan berserkers
  10 deep troll shamans
  The ghost of Necrophagist the Thaumaturge, a journeyman DEFE of Sif Muna (D:11)
  4 deep troll earth magi
  46 thrashing horrors
  8 dancing weapons
  2 orc high priests (Orc:2)
  6 vampire magi
  Nergalle (D:10)
  16 naga sharpshooters
  A titan zombie (Abyss:1)
  13 deep elf knights
  4 soul eaters
  40 wretched stars
  10 sun demons
  6 shock serpents
  7 iron trolls
  19 skeletal warriors
  11 spatial maelstroms
  A storm dragon skeleton (Abyss:1)
  12 sea snakes
  7 shadow wraiths
  8 glowing orange brains
  13 sixfirhies
  A salamander mystic (Snake:4)
  A death drake (Abyss:3)
  10 hell knights
  A quicksilver dragon simulacrum (Abyss:1)
  7 wizards
  A spark wasp zombie (Crypt:1)
  4 shadow demons
  32 deep trolls
  A ghost moth zombie (Crypt:3)
  4 unseen horrors
  6 flayed ghosts
  A harpy (shapeshifter) (Elf:2)
  An obsidian statue (Zot:5)
  A lindwurm (Lair:5)
  5 naga ritualists
  A sphinx zombie (Zig:8)
  14 orc knights
  2 shadow dragon zombies
  9 ironbrand convokers
  8 deep elf archers
  22 harpies
  18 phantasmal warriors
  8 mana vipers
  An oklob plant (Lair:1)
  8 necromancers
  A mana viper (shapeshifter) (Vaults:5)
  3 orb spiders
  2 iron dragon zombies
  3 shining eyes
  58 deep elf magi
  A cyclops (shapeshifter) (Depths:4)
  27 ugly things
  A fire giant zombie (Zig:5)
  A shining eye (shapeshifter) (Vaults:5)
  A frost giant zombie (Abyss:1)
  10 salamanders
  A shadow dragon skeleton (Crypt:3)
  8 orc sorcerers
  2 fire giant skeletons (Abyss:1)
  A sphinx skeleton (Crypt:3)
  18 moths of wrath
  2 stone giant zombies
  10 wolf spiders
  28 worldbinders
  A water nymph (shapeshifter) (D:15)
  9 manticores
  5 fauns (Shoals:3)
  3 stone giant skeletons
  2 black mambas (shapeshifter)
  3 centaur zombies
  17 guardian serpents
  28 black mambas
  6 cyclopes
  18 naga magi
  10 merfolk sirens
  15 elephants
  2 guardian serpents (shapeshifter)
  4 apis skeletons (Depths:3)
  19 orange demons
  5 rust devils
  50 smoke demons
  A dire elephant zombie (Abyss:1)
  12 apocalypse crabs
  13 vault sentinels
  4 centaur skeletons
  6 eyes of devastation
  4 water nymphs
  4 gargoyles
  6 hellions
  A frost giant skeleton (Abyss:1)
  A spiny frog (shapeshifter) (D:15)
  2 storm dragon simulacra
  9 spiny frogs
  3 kobold demonologists
  23 freezing wraiths
  3 rime drakes
  5 demonic crawlers
  14 efreet
  42 yaktaurs
  3 ice devils
  A rime drake (shapeshifter) (Vaults:3)
  A komodo dragon (shapeshifter) (Vaults:3)
  8 komodo dragons
  221 starcursed masses
  5 tengu conjurers
  3 tormentors
  7 red devils
  55 ancient zymes
  4 catoblepas skeletons (Abyss:3)
  16 hellwings
  A wind drake (shapeshifter) (Vaults:3)
  A silent spectre (Abyss:1)
  A jumping spider (Elf:2)
  A troll (shapeshifter) (D:14)
  A death yak skeleton (Crypt:3)
  13 hornets
  A shadow dragon simulacrum (Vaults:3)
  3 meliai (shapeshifter)
  5 meliai
  4 guardian mummies (Crypt:3)
  A death drake zombie (Crypt:3)
  A wolf spider simulacrum (Abyss:2)
  37 merfolk
  8 trolls
  A polar bear (shapeshifter) (Depths:3)
  5 wind drakes
  3 bog bodies (Crypt:1)
  Grinder (D:6)
  131 slime creatures
  2 death drake skeletons
  120 raiju
  143 small abominations
  A raiju (shapeshifter) (Abyss:2)
  A hippogriff (shapeshifter) (Vaults:2)
  2 fire dragon zombies
  12 snapping turtles
  4 hippogriffs
  21 blink frogs
  An iron dragon simulacrum (Crypt:3)
  2 human simulacra (Vaults:1)
  3 dream sheep (Shoals:2)
  2 ettin zombies
  A stone giant simulacrum (Vaults:2)
  32 flying skulls
  A guardian serpent skeleton (Crypt:3)
  2 tarantellas (shapeshifter)
  5 air elementals
  11 vampires
  A spriggan (shapeshifter) (Vaults:3)
  2 ice dragon skeletons
  A black mamba zombie (Crypt:1)
  10 spriggans
  2 wyverns
  A centaur simulacrum (D:15)
  12 fire bats
  3 shadows
  2 fire dragon skeletons
  29 yaks
  46 ynoxinuls
  19 water elementals
  14 wraiths
  15 golden eyes
  A hog (shapeshifter) (Abyss:1)
  4 hungry ghosts
  2 basilisks
  3 fire elementals (D:14)
  4 humans (D:9)
  A golden eye (shapeshifter) (Abyss:1)
  22 chaos spawn
  A black mamba skeleton (Crypt:2)
  6 vampire mosquitoes (D:13)
  28 neqoxecs
  31 spatial vortices
  2 wargs
  6 acid dragons
  A soldier ant (shapeshifter) (Vaults:5)
  A deep troll zombie (Vaults:4)
  A swamp worm (shapeshifter) (Vaults:5)
  14 insubstantial wisps
  46 nagas
  16 hell hounds
  2 spiny frog zombies (Crypt:3)
  A floating eye (shapeshifter) (Depths:3)
  Duvessa (D:7)
  A porcupine (shapeshifter) (D:15)
  A floating eye (Depths:3)
  2 porcupines
  A hornet zombie (D:10)
  An infernal demonspawn skeleton (Crypt:1)
  16 water moccasins
  An alligator simulacrum (Abyss:1)
  146 large abominations
  4 ice beasts
  31 orc warriors
  5 sky beasts
  A sky beast (shapeshifter) (Vaults:3)
  2 spiny frog skeletons
  A swamp dragon zombie (Crypt:3)
  An ice beast (shapeshifter) (Vaults:3)
  3 black bears
  15 eyes of draining
  2 fire dragon simulacra
  An ice dragon simulacrum (Abyss:1)
  4 necrophages
  14 wolves
  20 boggarts
  40 ogres
  A phantom (D:13)
  17 centaurs
  A centaur (shapeshifter) (Vaults:3)
  A hog zombie (Crypt:2)
  11 crocodiles
  10 big kobolds
  A big kobold (shapeshifter) (Vaults:3)
  19 bullfrogs
  A glowing shapeshifter simulacrum (Vaults:1)
  A wyvern zombie (D:8)
  A gnoll sergeant (D:11)
  Dowan (D:7)
  A salamander skeleton (Crypt:3)
  16 earth elementals
  A wyvern skeleton (Crypt:3)
  15 hexers
  A water moccasin skeleton (D:10)
  A water moccasin zombie (Crypt:2)
  6 scorpions
  A spriggan zombie (Crypt:1)
  A warg skeleton (Crypt:1)
  9 wights
  5 howler monkeys
  10 crimson imps
  3 lava snakes (D:14)
  20 quasits
  7 hounds
  7 jellies
  A bullfrog zombie (D:12)
  18 orc priests
  27 iron imps
  5 bullfrog skeletons
  21 orc wizards
  2 iguanas
  9 worker ants
  A demigod skeleton (Crypt:1)
  6 hound skeletons
  A hound zombie (D:11)
  A mummy (Zig:8)
  A worker ant zombie (D:6)
  Robin (D:3)
  9 adders
  9 gnolls
  A river rat (Sewer)
  4 shadow imps
  21 white imps
  21 ufetubi
  3 oozes
  3 adder skeletons
  An adder zombie (D:7)
  A worm (shapeshifter) (Vaults:3)
  2 worms
  2 dart slugs
  7 leopard geckos
  86 orcs
  6 bats
  3 giant cockroaches
  21 goblins
  13 hobgoblins
  A jackal (D:10)
  20 kobolds
  A quokka (D:10)
  5 ball pythons
  6 frilled lizards
  A kobold skeleton (Crypt:1)
  2 leopard gecko skeletons
  An orc skeleton (Abyss:1)
  A quokka skeleton (Crypt:2)
  A quokka zombie (Crypt:3)
  11 rats
  A rat (shapeshifter) (Vaults:3)
  5 lurking horrors
  3 plants (Lair:6)
  2 spectral weapons
  66 starspawn tentacles
  7 tentacles
4081 creatures vanquished.

Vanquished Creatures (collateral kills)
  3 orbs of fire
  2 ancient liches
  A shard shrike (Zot:2)
  Frederick (Vaults:3)
  A golden dragon (Vaults:5)
  A profane servitor (Abyss:1)
  4 bone dragons
  2 Orb Guardians (Zot:5)
  6 tentacled monstrosities
  A titan (Depths:2)
  4 liches
  2 acid blobs
  An Executioner (Abyss:2)
  A sphinx (Depths:4)
  8 tentacled starspawn
  The ghost of stripedtigrrr the Executioner, an adept MiBe of Trog (Shoals:4)
  2 ancient champions (Crypt:3)
  2 shadow dragons
  2 storm dragons
  2 revenants
  A daeva (Abyss:1)
  2 deep elf sorcerers (Elf:3)
  A frost giant (Vaults:5)
  A vault warden (Vaults:2)
  2 draconian shifters
  An angel (Abyss:2)
  2 ironheart preservers
  An entropy weaver (Vaults:2)
  3 very ugly things
  2 stone giants (Vaults:5)
  A deep elf demonologist (Depths:4)
  2 green draconians
  A lorocyproca (Abyss:2)
  2 vampire knights
  A purple draconian (Zot:1)
  The ghost of Bapho the Marksminotaur, a journeyman MiBe of Trog (Lair:4)
  2 dire elephants
  2 spark wasps
  3 deep elf annihilators
  3 eidola
  A merfolk javelineer (Shoals:3)
  A fire dragon (Depths:5)
  2 deep elf death magi
  2 merfolk impalers
  2 rakshasas
  4 naga warriors
  A yaktaur captain (Vaults:5)
  2 great orbs of eyes
  5 vault guards (Vaults:5)
  3 ice dragons
  A deep elf high priest (Elf:3)
  2 anacondas (Snake:4)
  A catoblepas (Lair:4)
  3 centaur warriors
  3 dancing weapons
  A death knight (Vaults:3)
  An ogre mage (Vaults:3)
  4 two-headed ogres
  2 deep troll earth magi (Depths:5)
  2 thrashing horrors
  An orc high priest (Orc:2)
  6 deep elf knights
  3 spriggan berserkers
  10 large abominations
  2 naga sharpshooters
  15 wretched stars
  A sun demon (Abyss:1)
  A shock serpent (Snake:4)
  A sixfirhy (Abyss:1)
  A shadow wraith (Abyss:1)
  2 sea snakes
  A hell knight (Depths:4)
  4 skeletal warriors
  4 spatial maelstroms
  2 wizards
  3 titan skeletons
  A flayed ghost (Crypt:3)
  2 unseen horrors (Abyss:1)
  2 deep trolls
  4 glowing orange brains
  12 deep elf magi
  2 phantasmal warriors (Crypt:1)
  4 harpies
  4 ironbrand convokers
  A shining eye (Abyss:1)
  A mana viper (Snake:1)
  2 cyclopes
  2 orc sorcerers
  A wolf spider (Vaults:3)
  A frost giant zombie (Crypt:1)
  2 moths of wrath
  2 manticores
  7 ugly things
  2 worldbinders (Abyss:1)
  A black mamba (shapeshifter) (D:15)
  An eye of devastation (Slime:2)
  8 naga magi
  6 black mambas
  2 water nymphs
  3 smoke demons
  2 centaur skeletons
  An orange demon (Abyss:1)
  A guardian serpent (Snake:4)
  A komodo dragon (Lair:2)
  A spiny frog (Lair:3)
  An efreet (Abyss:3)
  4 yaktaurs
  An ancient zyme (Abyss:1)
  2 freezing wraiths (Abyss:2)
  A catoblepas skeleton (Abyss:3)
  10 merfolk
  A troll (D:11)
  A jumping spider (Elf:2)
  5 hornets
  A bog body (Crypt:2)
  8 raiju
  21 slime creatures
  5 blink frogs
  An iron dragon simulacrum (Crypt:3)
  A snapping turtle (Shoals:1)
  2 hippogriffs
  A redback (Vaults:2)
  An ettin skeleton (Vaults:4)
  2 spriggans
  4 flying skulls
  A water elemental (Depths:2)
  2 hungry ghosts
  A fire bat (Abyss:1)
  3 wyverns
  10 yaks
  3 golden eyes
  3 wraiths
  2 basilisks
  A human (D:9)
  4 ynoxinuls (Abyss:1)
  A chaos spawn (Abyss:2)
  8 neqoxecs
  3 wargs
  7 spatial vortices
  2 acid dragons
  An insubstantial wisp (Abyss:1)
  11 nagas
  2 water moccasins (Lair:6)
  A soldier ant (D:10)
  A water nymph skeleton (Crypt:3)
  3 porcupines
  5 orc warriors
  An ice beast (D:4)
  A sky beast (D:9)
  A hell hound (Abyss:2)
  A black bear (D:11)
  A necrophage (D:11)
  2 eyes of draining
  4 wolves
  A dream sheep zombie (Crypt:1)
  An eye of draining (shapeshifter) (Vaults:1)
  A swamp dragon zombie (Abyss:1)
  3 boggarts
  2 ogres
  2 crocodiles
  4 centaurs
  A crocodile (shapeshifter) (Depths:4)
  A small abomination (Abyss:2)
  2 bullfrogs
  A snapping turtle simulacrum (Abyss:1)
  2 wights (D:11)
  3 crimson imps
  10 starcursed masses
  4 jellies
  3 quasits
  2 bullfrog skeletons (D:5)
  3 orc priests
  3 hounds
  6 orc wizards
  2 iguanas
  An iron imp (Zig:5)
  A worker ant (D:14)
  2 gnolls
  A white imp (Abyss:1)
  A dart slug (shapeshifter) (Vaults:3)
  21 orcs
  4 hobgoblins (D:7)
  A jackal (Sewer)
  2 quokkas
  A goblin (D:7)
  7 kobolds
  An orc skeleton (Crypt:1)
  A quokka zombie (D:5)
  A bush (Lair:3)
  A plant (Shoals:4)
  2 starspawn tentacles
524 creatures vanquished.

Vanquished Creatures (others)
  An Executioner (Zot:1)
  Polyphemus (Shoals:4)
  A stone giant (Vaults:5)
  A very ugly thing (Depths:5)
  A yaktaur captain (Vaults:4)
  A rakshasa (Abyss:2)
  A centaur warrior (Depths:3)
  3 naga sharpshooters
  A hell hog (Abyss:2)
  A sun demon (Abyss:2)
  A deep elf knight (Elf:3)
  An unseen horror (Abyss:1)
  A sea snake (Shoals:4)
  A deep elf archer (Vaults:1)
  A large abomination (Abyss:2)
  An ugly thing (D:14)
  A cyclops (Vaults:1)
  3 deep elf magi
  A centaur zombie (D:14)
  A freezing wraith (Abyss:1)
  10 yaktaurs
  A vampire mosquito (D:14)
  An insubstantial wisp (Abyss:1)
  A naga (Snake:2)
  An ice beast (D:14)
  An orc warrior (Vaults:1)
  An ogre (Depths:4)
  A centaur (D:15)
  A jelly (D:14)
  126 hexers
  7 ancestors
  A goblin zombie (Crypt:1)
  6 fungi
  2 lurking horrors
  27 plants
  12 spectral weapons
  102 starspawn tentacles
  9 tentacles
  5 toadstools (D:8)
  2 withered plants (Shoals:4)
341 creatures vanquished.

Grand Total: 4946 creatures vanquished

Notes
Turn   | Place    | Note
-------+----------+-------------------------------------------
     0 | D:1      | Arang the Merfolk Gladiator began the quest for the Orb.
     0 | D:1      | Reached XP level 1. HP: 16/16 MP: 1/1
    65 | D:1      | Reached skill level 5 in Polearms
    65 | D:1      | Reached XP level 2. HP: 13/23 MP: 2/2
   659 | D:1      | Reached XP level 3. HP: 25/28 MP: 3/3
   913 | D:2      | Found a faded altar of an unknown god.
  1157 | D:2      | Reached skill level 1 in Stealth
  1157 | D:2      | Reached XP level 4. HP: 32/34 MP: 4/4
  1596 | D:3      | Noticed Robin
  1921 | D:3      | Reached skill level 1 in Armour
  2228 | D:3      | Reached XP level 5. HP: 29/41 MP: 5/5
  2922 | D:3      | Killed Robin
  3074 | D:3      | Reached XP level 6. HP: 18/47 MP: 6/6
  3777 | D:4      | Reached XP level 7. HP: 51/54 MP: 7/7
  4052 | D:4      | Learned a level 1 spell: Confusing Touch
  4414 | D:4      | Found a staircase to the Ecumenical Temple.
  4420 | Temple   | Entered the Ecumenical Temple
  4446 | Temple   | Became a worshipper of Hepliaklqana the Forgotten
  4546 | D:5      | Entered Level 5 of the Dungeon
  4798 | D:5      | Reached XP level 8. HP: 32/54 MP: 8/8
  5113 | D:5      | Found an iron altar of Okawaru.
  5269 | D:6      | Found a glowing drain.
  5288 | Sewer    | Entered a sewer
  5388 | Sewer    | Reached skill level 1 in Shields
  5438 | Sewer    | Found a white marble altar of Elyvilon.
  5741 | D:6      | Reached skill level 10 in Polearms
  5770 | D:6      | Reached skill level 5 in Throwing
  6098 | D:6      | Found a burning altar of Makhleb.
  6103 | D:6      | Found a glowing silver altar of Zin.
  6103 | D:6      | Noticed an angel
  6104 | D:6      | Noticed an Executioner
  6256 | D:6      | Noticed Grinder
  6265 | D:6      | Killed Grinder
  6265 | D:6      | Reached XP level 9. HP: 59/60 MP: 9/9
  6604 | D:6      | Found a sparkling altar of Nemelex Xobeh.
  6713 | D:7      | Found a shimmering altar of Xom.
  6735 | D:7      | Reached skill level 5 in Fighting
  6964 | D:7      | Reached * piety under Hepliaklqana
  7059 | D:7      | Found a deep blue altar of Sif Muna.
  7077 | D:7      | Found a basalt altar of Yredelemnul.
  7078 | D:7      | Found a hide-covered altar of Uskayaw.
  7251 | D:7      | Noticed Duvessa
  7252 | D:7      | Noticed Dowan
  7273 | D:7      | Killed Duvessa
  7282 | D:7      | Killed Dowan
  7864 | D:7      | Found a snail-covered altar of Cheibriados.
  7866 | D:7      | Found a shattered altar of Ashenzari.
  8257 | D:8      | Reached skill level 5 in Shields
  8365 | D:8      | Reached XP level 10. HP: 68/68 MP: 10/10
  8468 | D:8      | Found a staircase to the Lair.
  8759 | D:8      | Reached ** piety under Hepliaklqana
  8760 | D:8      | Remembered your ancestor Magistrate as a hexer
  9959 | D:9      | Reached skill level 5 in Armour
 10630 | D:10     | Entered Level 10 of the Dungeon
 10660 | D:10     | Noticed a two-headed ogre
 10807 | D:10     | Found a staircase to the Orcish Mines.
 10930 | D:10     | Reached *** piety under Hepliaklqana
 10964 | D:10     | Reached XP level 11. HP: 72/75 MP: 11/11
 10972 | D:10     | Noticed Josephine
 11588 | D:10     | Gained mutation: You are robust. (+10% HP) [potion of
                  | mutation]
 11588 | D:10     | Gained mutation: You are resistant to hostile enchantments.
                  | (MR+) [potion of mutation]
 11588 | D:10     | Gained mutation: Your muscles are strong. (Str +2) [potion
                  | of mutation]
 11588 | D:10     | Gained mutation: You have a pair of small horns on your
                  | head. [potion of mutation]
 11929 | D:10     | Found a blossoming altar of Fedhas.
 12047 | D:10     | Noticed a manticore
 12047 | D:10     | Noticed a centaur warrior
 12053 | D:10     | Noticed a two-headed ogre
 12062 | D:10     | Killed a centaur warrior
 12090 | D:10     | Killed a two-headed ogre
 12091 | D:10     | Noticed a wizard
 12106 | D:10     | Killed a manticore
 12126 | D:10     | Killed a wizard
 12163 | D:10     | Found the +2 ratskin cloak {+Rats rPois rN+ Str-1 Int-1
                  | Dex+1}
 12346 | D:10     | Killed a two-headed ogre
 12554 | D:10     | Noticed Nergalle
 12595 | D:10     | Killed Nergalle
 12595 | D:10     | Reached XP level 12. HP: 84/95 MP: 12/12
 12751 | D:10     | Reached skill level 1 in Invocations
 13037 | D:11     | Reached skill level 10 in Shields
 13273 | D:11     | Found a transporter.
 13282 | D:11     | Noticed Necrophagist's ghost (journeyman DEFE)
 13282 | D:11     | Identified the +4 mace "Sarcophage" {flame, Dex+3}
 13282 | D:11     | Noticed a tengu warrior
 13284 | D:11     | Noticed a two-headed ogre
 13287 | D:11     | Found a bloodstained altar of Trog.
 13523 | D:11     | Found a transporter.
 13680 | D:12     | Noticed a centaur warrior
 13692 | D:12     | Killed a centaur warrior
 13798 | D:12     | Noticed a five-headed hydra
 13986 | D:12     | Killed a five-headed hydra
 14070 | D:12     | Reached skill level 10 in Fighting
 15164 | D:13     | Got a pair of dazzling boots
 15170 | D:13     | Identified the +0 pair of boots "Vyzunyu" {rElec rN+
                  | Regen+} (You found it on level 13 of the Dungeon)
 15505 | D:13     | Reached XP level 13. HP: 99/103 MP: 14/14
 15786 | D:13     | Reached **** piety under Hepliaklqana
 16162 | D:14     | Noticed a vault guard
 16171 | D:14     | Found a transporter.
 16171 | D:14     | Noticed For Bec's ghost (journeyman GrEE)
 16241 | D:14     | Found a runed translucent gate.
 16241 | D:14     | Found a runed translucent gate.
 16241 | D:14     | Found a runed translucent gate.
 16241 | D:14     | Identified the +7 dagger of Imminent Death {pierce, +Blink
                  | Dex+2}
 16241 | D:14     | Noticed a crystal guardian
 16241 | D:14     | Noticed a vampire knight
 16259 | D:14     | Noticed a sphinx
 16341 | D:14     | Identified the +6 long sword of Fusuach {antimagic, rElec
                  | rN+ MR+ MP-9}
 16468 | D:14     | Found a transporter.
 16653 | D:14     | Found Zucouwoh's Antique Weapon Emporium.
 16883 | D:14     | Found a gate to the Vaults.
 16912 | D:14     | Found a bloodstained altar of Trog.
 17305 | D:14     | Found a runed translucent gate.
 17305 | D:14     | Found a runed translucent gate.
 17305 | D:14     | Found a runed translucent gate.
 17403 | D:14     | Killed a vault guard
 17715 | D:15     | Entered Level 15 of the Dungeon
 17940 | D:15     | Found a blossoming altar of Fedhas.
 18294 | D:15     | Reached XP level 14. HP: 115/115 MP: 16/16
 18790 | Lair:1   | Entered Level 1 of the Lair of Beasts
 20216 | Lair:2   | Reached ***** piety under Hepliaklqana
 20228 | Lair:2   | Found a staircase to the Snake Pit.
 20243 | Lair:2   | You fall into a shaft and drop 2 floors!
 20304 | Lair:4   | Identified a scroll of acquirement
 20307 | Lair:4   | Got a pair of twisted gloves
 20318 | Lair:4   | Identified the +4 pair of gloves of Apastiah {rCorr} (You
                  | acquired it on level 4 of the Lair of Beasts)
 21786 | Lair:3   | Found a staircase to the Shoals.
 21818 | Lair:3   | Reached skill level 10 in Armour
 21938 | Lair:4   | Found a runed translucent gate.
 21938 | Lair:4   | Found a runed translucent gate.
 21939 | Lair:4   | Found a runed translucent gate.
 21957 | Lair:3   | Reached skill level 1 in Hexes
 21974 | Lair:3   | Reached skill level 1 in Spellcasting
 22307 | Lair:4   | Reached skill level 5 in Invocations
 23008 | Lair:4   | Noticed Bapho's ghost (journeyman MiBe)
 23009 | Lair:4   | Noticed Sigygo's ghost (journeyman DsFi)
 23249 | Lair:5   | Reached XP level 15. HP: 102/126 MP: 19/19
 23984 | Lair:5   | Reached ****** piety under Hepliaklqana
 24203 | Lair:5   | Found a viscous altar of Jiyva.
 24203 | Lair:5   | Found a staircase to the Slime Pits.
 24369 | Lair:6   | Entered Level 6 of the Lair of Beasts
 24496 | Lair:6   | Reached skill level 15 in Fighting
 25508 | Lair:6   | Learned a level 2 spell: Blink
 25896 | Orc:1    | Entered Level 1 of the Orcish Mines
 26376 | Orc:2    | Entered Level 2 of the Orcish Mines
 26415 | Orc:2    | Found a staircase to the Elven Halls.
 27229 | Orc:2    | Found Aruif's Magic Scroll Boutique.
 27917 | Orc:2    | Found Ziurghoext's Weapon Shoppe.
 27923 | Orc:2    | Found Pyxuch's Jewellery Shoppe.
 27925 | Orc:2    | Found Woxkukh's Antique Weapon Boutique.
 27935 | Orc:2    | Bought a +3 amulet of reflection for 219 gold pieces
 28421 | D:15     | Reached skill level 1 in Evocations
 28430 | D:15     | Reached XP level 16. HP: 101/139 MP: 21/21
 29180 | D:15     | Found a staircase to the Depths.
 29456 | Shoals:1 | Entered Level 1 of the Shoals
 29808 | Shoals:1 | Found Volisiel's Magic Scroll Shoppe.
 31131 | Shoals:2 | Lost mutation: You have a pair of small horns on your head.
                  | [potion of mutation]
 31131 | Shoals:2 | Lost mutation: Your muscles are strong. (Str +2) [potion of
                  | mutation]
 31131 | Shoals:2 | Lost mutation: You are robust. (+10% HP) [potion of
                  | mutation]
 31131 | Shoals:2 | Gained mutation: You are dopey. (Int -2) [potion of
                  | mutation]
 31131 | Shoals:2 | Gained mutation: You are partially covered in thin metallic
                  | scales. (AC +2) [potion of mutation]
 31174 | Shoals:2 | Reached skill level 5 in Hexes
 31608 | Shoals:2 | Lost mutation: You are dopey. (Int -2) [potion of mutation]
 31608 | Shoals:2 | Gained mutation: You are partially covered in iridescent
                  | scales. (AC +2) [potion of mutation]
 31608 | Shoals:2 | Gained mutation: You passively map a small area around you.
                  | [potion of mutation]
 31717 | Shoals:2 | Noticed a kraken
 31737 | Shoals:2 | Killed a kraken
 32341 | Shoals:3 | Identified the +5 fustibalus of Irrepressible Laughter
                  | {freeze, rC+ MR+ SInv}
 32343 | Shoals:3 | Found a hide-covered altar of Uskayaw.
 32586 | Shoals:3 | Reached skill level 5 in Spellcasting
 33309 | Shoals:3 | Reached XP level 17. HP: 134/134 MP: 24/24
 33377 | Shoals:3 | Found Yrraufav's Assorted Antiques.
 33583 | Shoals:3 | Reached skill level 1 in Translocations
 33781 | Shoals:3 | Noticed a kraken
 33823 | Shoals:3 | Killed a kraken
 34128 | Shoals:4 | Entered Level 4 of the Shoals
 34473 | Shoals:4 | Noticed Polyphemus
 34560 | Shoals:4 | Killed Polyphemus
 35357 | Shoals:4 | Got a slimy ivory ring
 35365 | Shoals:4 | Found a runed translucent door.
 35365 | Shoals:4 | Noticed stripedtigrrr's ghost (adept MiBe)
 35367 | Shoals:4 | Found the +7 Kryia's mail coat {PotionHeal*2 rC+}
 36411 | Shoals:4 | Got a barnacled rune of Zot
 36617 | Snake:1  | Entered Level 1 of the Snake Pit
 36841 | Lair:4   | Killed Sigygo's ghost
 36919 | Lair:4   | Killed Bapho's ghost
 37578 | Snake:1  | Reached XP level 18. HP: 132/144 MP: 16/25
 37616 | Snake:1  | Identified the ring "Meyptem" {MR+ Str+3 Int+8 Slay-2} (You
                  | found it on level 4 of the Shoals)
 38119 | Snake:2  | Reached skill level 5 in Evocations
 39198 | Snake:3  | Learned a level 1 spell: Apportation
 39274 | Snake:3  | Found Ifoem's Jewellery Emporium.
 39274 | Snake:3  | Found Lucvol's Weapon Shoppe.
 39275 | Snake:3  | Found Agaug's Antique Armour Emporium.
 39279 | Snake:3  | Found Joor's Armour Shoppe.
 40070 | Snake:4  | Entered Level 4 of the Snake Pit
 41511 | Snake:4  | Reached XP level 19. HP: 71/153 MP: 26/26
 42394 | Snake:4  | Reached skill level 5 in Translocations
 42440 | Snake:4  | Got a serpentine rune of Zot
 42522 | Snake:4  | Noticed Vashnia
 42563 | Snake:4  | Killed Vashnia
 43423 | Vaults:1 | Entered Level 1 of the Vaults
 43612 | Vaults:1 | Reached skill level 5 in Dodging
 44212 | Vaults:1 | Reached skill level 10 in Dodging
 44977 | Vaults:1 | Found Fyppy's Food Shoppe.
 45210 | Vaults:1 | Reached XP level 20. HP: 135/162 MP: 27/27
 46487 | Vaults:2 | Reached skill level 15 in Dodging
 46831 | Vaults:2 | Found Virphepn's Food Boutique.
 46937 | Vaults:2 | Reached skill level 15 in Polearms
 47280 | Vaults:3 | Found a staircase to the Crypt.
 47280 | Vaults:3 | Found an ancient bone altar of Kikubaaqudgha.
 47281 | Vaults:3 | Found a basalt altar of Yredelemnul.
 47321 | Vaults:3 | Found a runed translucent gate.
 47321 | Vaults:3 | Found a runed translucent gate.
 47321 | Vaults:3 | Found a runed translucent gate.
 47904 | Vaults:3 | Noticed Boris
 47929 | Vaults:3 | Killed Boris
 48303 | Vaults:3 | Reached XP level 21. HP: 167/167 MP: 28/28
 48347 | Vaults:3 | Noticed Jory
 48354 | Vaults:3 | Noticed Frederick
 48366 | Vaults:3 | Killed Jory
 48578 | Vaults:3 | Killed Frederick
 49269 | Vaults:3 | Found a runed translucent gate.
 49269 | Vaults:3 | Found a runed translucent gate.
 49272 | Vaults:3 | Found a runed translucent gate.
 49275 | Vaults:3 | Noticed Ecatez's ghost (adept HOMo)
 49305 | Vaults:3 | Gained mutation: Your magical capacity is low. (-10% MP) [a
                  | cacodemon]
 49423 | Vaults:3 | Killed Ecatez's ghost
 49482 | Vaults:3 | Gained mutation: You evolve. [a cacodemon]
 49681 | Vaults:3 | Got a twisted cloak
 49962 | Orc:2    | Bought a scroll of identify for 26 gold pieces
 49962 | Orc:2    | Identified the +0 cloak of the Morning {Int+4} (You found
                  | it on level 3 of the Vaults)
 50211 | Vaults:3 | Learned a level 2 spell: Passwall
 50336 | Vaults:4 | Reached skill level 1 in Transmutations
 50470 | Vaults:4 | Reached skill level 1 in Earth Magic
 50716 | Vaults:4 | Found a large runed translucent door.
 50716 | Vaults:4 | Found a large runed translucent door.
 50759 | Vaults:4 | Noticed Xtahua
 50781 | Vaults:4 | Killed Xtahua
 50796 | Vaults:4 | Noticed motoroller71's ghost (adept HuGl)
 50948 | Vaults:4 | Reached XP level 22. HP: 151/174 MP: 26/26
 51147 | Vaults:4 | Found Vemiw's Assorted Antiques.
 51161 | Vaults:4 | Bought an encrusted silver ring for 145 gold pieces
 51423 | Vaults:4 | Reached skill level 5 in Transmutations
 51764 | Vaults:4 | Killed motoroller71's ghost
 52020 | Depths:1 | Entered Level 1 of the Depths
 52048 | Depths:1 | You fall into a shaft and drop 1 floor!
 52280 | Depths:2 | HP: 4/174 [yaktaur captain/bolt (16)]
 53702 | Depths:1 | Found a glowing silver altar of Zin.
 53746 | Depths:1 | Found a one-way gate to the infinite horrors of the Abyss.
 53903 | Depths:1 | Found a gateway to Hell.
 54020 | Depths:1 | Noticed Saint Roka
 54044 | Depths:1 | Killed Saint Roka
 54655 | Depths:2 | Reached XP level 23. HP: 169/180 MP: 27/27
 54729 | Depths:2 | Found Gugits Axaz's Antique Armour Shop.
 54794 | Depths:2 | Bought the +2 hat of the Bear Spirit {Spirit, +Rage rN+
                  | MR++} for 1329 gold pieces
 54794 | Depths:2 | Found the +2 hat of the Bear Spirit {Spirit, +Rage rN+
                  | MR++}
 55282 | Depths:3 | You fall into a shaft and drop 1 floor!
 55341 | Depths:4 | Noticed a juggernaut
 55856 | Depths:3 | Found a large runed translucent door.
 55858 | Depths:3 | Found a large runed translucent door.
 55865 | Depths:3 | Found a large runed translucent door.
 55866 | Depths:3 | Found a large runed translucent door.
 55867 | Depths:3 | Noticed a caustic shrike
 55905 | Depths:3 | Noticed the Enchantress
 55953 | Depths:3 | Killed the Enchantress
 56055 | Depths:3 | Found a large runed translucent door.
 56056 | Depths:3 | Found a large runed translucent door.
 56068 | Depths:3 | Paralysed by a floating eye for 2 turns
 56076 | Depths:3 | Paralysed by a floating eye for 3 turns
 56128 | Depths:3 | Found a one-way gate leading to the halls of Pandemonium.
 56239 | Depths:3 | Lost mutation: You evolve. [evolution]
 56319 | Depths:3 | Found a large runed translucent door.
 56320 | Depths:3 | Found a large runed translucent door.
 56586 | Depths:3 | Noticed Boris
 56618 | Depths:3 | Killed Boris
 57094 | Depths:3 | Noticed Asterion
 57110 | Depths:3 | Killed Asterion
 57200 | Depths:3 | Found a basalt altar of Yredelemnul.
 57342 | Depths:3 | Killed a caustic shrike
 57721 | Depths:4 | Reached skill level 27 in Polearms
 57721 | Depths:4 | Noticed a golden dragon
 57725 | Depths:4 | Reached XP level 24. HP: 187/187 MP: 27/27
 57855 | Depths:4 | Reached skill level 10 in Invocations
 57906 | Depths:4 | Identified the +1 robe "Quryalas" {Dex+9}
 58572 | Depths:4 | Killed a juggernaut
 59423 | Shoals:4 | Killed stripedtigrrr's ghost
 60072 | Depths:5 | Entered Level 5 of the Depths
 60533 | Depths:5 | Reached skill level 15 in Shields
 60563 | Depths:5 | Found a gate to the Realm of Zot.
 60703 | Depths:5 | Reached XP level 25. HP: 147/195 MP: 26/28
 61163 | Depths:5 | Found a gateway to a ziggurat.
 61877 | Orc:2    | Bought a scroll of enchant armour for 97 gold pieces
 61967 | Elf:1    | Entered Level 1 of the Elven Halls
 62609 | Elf:1    | Found Qaybbi's Food Emporium.
 63027 | Elf:2    | Found a runed translucent gate.
 63027 | Elf:2    | Found a runed translucent gate.
 63028 | Elf:2    | Found a runed translucent gate.
 63088 | Elf:2    | Found Fysaelo's Jewellery Emporium.
 63131 | Elf:2    | Bought a +4 ring of protection for 432 gold pieces
 63214 | Elf:2    | Identified Tebb's Volume of the Voyage
 63368 | Elf:2    | Found Fiap's Jewellery Shoppe.
 63368 | Elf:2    | Found Vyoca's Gadget Shop.
 63370 | Elf:2    | Found Eston's Gadget Shop.
 63453 | Elf:3    | Entered Level 3 of the Elven Halls
 63662 | Elf:3    | Found Funad's Jewellery Shop.
 65216 | Elf:3    | Identified the Handbook of Stones and the Voyage
 65228 | Elf:3    | Reached skill level 15 in Armour
 65246 | Elf:3    | Learned a level 2 spell: Song of Slaying
 65247 | Elf:3    | Identified the Reference Book on Attacks and Transformation
 65298 | Elf:3    | Identified the +1 spear "Glorpo" {venom, *Noise rN+ Dex+4}
                  | (You found it on level 3 of the Elven Halls)
 65576 | Elf:3    | Bought the ring of the Battered Cities {rF+ AC+5} for 1242
                  | gold pieces
 65706 | D:10     | Killed Josephine
 65890 | Crypt:1  | Entered Level 1 of the Crypt
 66209 | Crypt:1  | Noticed Sojobo
 66240 | Crypt:1  | Killed Sojobo
 66240 | Crypt:1  | Reached XP level 26. HP: 190/206 MP: 22/28
 66342 | Crypt:1  | Noticed Boris
 66355 | Crypt:1  | Killed Boris
 67047 | Crypt:1  | Found a runed translucent gate.
 67047 | Crypt:1  | Found a runed translucent gate.
 67047 | Crypt:1  | Found a runed translucent gate.
 67055 | Crypt:1  | Noticed Jidasm's ghost (veteran GrFi)
 68212 | Crypt:3  | Entered Level 3 of the Crypt
 68254 | Crypt:3  | Noticed Boris
 68327 | Crypt:2  | Killed Boris
 68731 | Crypt:3  | Found a staircase to the Tomb.
 69056 | Crypt:3  | Found a basalt altar of Yredelemnul.
 69057 | Crypt:3  | Found an ancient bone altar of Kikubaaqudgha.
 69095 | Crypt:3  | Identified Kikubaaqudgha's Incunabulum of the Seven Souls
 69104 | Crypt:3  | Got a faintly glowing tin ring
 69108 | Crypt:3  | Got a warped ruby amulet
 69109 | Crypt:3  | Identified the ring "Faot" {Ice +Inv MR- Str+3} (You found
                  | it on level 3 of the Crypt)
 69111 | Crypt:3  | Identified the amulet "Dore" {rN+ Regen+ Int+4} (You found
                  | it on level 3 of the Crypt)
 69164 | Crypt:3  | Got an ancient brass ring
 69165 | Crypt:3  | Identified the ring "Qubadem" {+Inv rN+} (You found it on
                  | level 3 of the Crypt)
 70207 | Slime:1  | Entered Level 1 of the Pits of Slime
 70979 | Slime:2  | Reached XP level 27. HP: 210/215 MP: 27/28
 71717 | Slime:3  | Noticed Dissolution
 71770 | Slime:2  | Killed Dissolution
 72850 | Slime:5  | Entered Level 5 of the Pits of Slime
 73360 | Slime:5  | Reached skill level 1 in Charms
 73373 | Slime:5  | Gained mutation: Your body sometimes deteriorates upon
                  | taking damage. [a shining eye]
 73750 | Slime:5  | Found a viscous altar of Jiyva.
 73750 | Slime:5  | Noticed the Royal Jelly
 73782 | Slime:5  | Killed the Royal Jelly
 73876 | Slime:5  | Found the brooch of Shielding {Reflect SH+8}
 73898 | Slime:5  | Identified Sif Muna's Guide on Enchanting Evil
 73951 | Slime:5  | Identified the +6 scale mail of Lies {rN++ MP+9 Str+2} (You
                  | found it on level 5 of the Pits of Slime)
 73961 | Slime:5  | Identified the Papyrus of Supportive Clay
 73981 | Slime:5  | Identified the amulet "Tioloni" {Faith rPois rC- Str+3
                  | SInv} (You found it on level 5 of the Pits of Slime)
 73983 | Slime:5  | Identified the amulet "Urepnih" {Inacc Str+3} (You found it
                  | on level 5 of the Pits of Slime)
 73986 | Slime:5  | Identified the amulet of Symmetry {Reflect rPois Slay+2
                  | SH+3} (You found it on level 5 of the Pits of Slime)
 73994 | Slime:5  | Got a slimy rune of Zot
 74358 | Orc:2    | Lost mutation: Your magical capacity is low. (-10% MP)
                  | [potion of mutation]
 74358 | Orc:2    | Lost mutation: Your body sometimes deteriorates upon taking
                  | damage. [potion of mutation]
 74358 | Orc:2    | Lost mutation: You passively map a small area around you.
                  | [potion of mutation]
 74358 | Orc:2    | Lost mutation: You are resistant to hostile enchantments.
                  | (MR+) [potion of mutation]
 74358 | Orc:2    | Gained mutation: Armour fits poorly on your strangely
                  | shaped body. [potion of mutation]
 74358 | Orc:2    | Gained mutation: You are weak. (Str -2) [potion of
                  | mutation]
 74358 | Orc:2    | Gained mutation: You are partially covered in icy blue
                  | scales. (AC +2) [potion of mutation]
 74359 | Orc:2    | Lost mutation: Armour fits poorly on your strangely shaped
                  | body. [potion of mutation]
 74359 | Orc:2    | Lost mutation: You are weak. (Str -2) [potion of mutation]
 74359 | Orc:2    | Lost mutation: You are partially covered in iridescent
                  | scales. (AC +2) [potion of mutation]
 74359 | Orc:2    | Lost mutation: You are partially covered in thin metallic
                  | scales. (AC +2) [potion of mutation]
 74359 | Orc:2    | Gained mutation: You have supernaturally acute eyesight.
                  | (SInv) [potion of mutation]
 74359 | Orc:2    | Gained mutation: You possess an exceptional clarity of
                  | mind. [potion of mutation]
 74701 | Vaults:5 | Entered Level 5 of the Vaults
 74750 | Vaults:5 | Noticed an ancient lich
 74778 | Vaults:5 | Killed an ancient lich
 75093 | Vaults:5 | Reached skill level 5 in Charms
 75191 | Vaults:5 | Identified the +6 demon trident "Alegouno" {flame, SInv}
 75191 | Vaults:5 | Identified the +2 robe of the Bruised Stories {rF+}
 75689 | Vaults:5 | Found Oruofem's Armour Boutique.
 75972 | Vaults:5 | Got a silver rune of Zot
 76190 | Vaults:5 | Identified the ring of Beogh's Approval {Ice rPois MR+++
                  | Slay-5} (You found it on level 5 of the Vaults)
 77085 | D:11     | Killed Necrophagist's ghost
 77827 | D:14     | Killed For Bec's ghost
 77976 | D:14     | Identified the ring "Foulofyll" {rPois rC- MP+9 Int+3
                  | Dex+3} (You found it on level 14 of the Dungeon)
 77979 | D:14     | Identified the Handbook of Creative Stones
 78249 | Crypt:1  | Killed Jidasm's ghost
 78249 | Crypt:1  | Reached skill level 27 in Fighting
 79036 | Zot:1    | Entered Level 1 of the Realm of Zot
 79088 | Zig:1    | Entered Level 1 of a ziggurat
 79089 | Zig:1    | Noticed Futuh the pandemonium lord
 79102 | Zig:1    | Killed Futuh the pandemonium lord
 79205 | Zig:2    | Entered Level 2 of a ziggurat
 79237 | Zig:3    | Entered Level 3 of a ziggurat
 79387 | Zig:4    | Entered Level 4 of a ziggurat
 79423 | Zig:5    | Entered Level 5 of a ziggurat
 79546 | Zig:6    | Entered Level 6 of a ziggurat
 79563 | Zig:6    | Paralysed by accursed screaming for 1 turns
 79651 | Zig:7    | Entered Level 7 of a ziggurat
 79725 | Zig:7    | Identified the cursed +0 pair of boots of the Devil's Team
                  | {*Corrode rElec rF+ Str+5} (You found it on level 7 of a
                  | ziggurat)
 79728 | Zig:8    | Entered Level 8 of a ziggurat
 79736 | Zig:8    | Found the +2 pair of boots of the Assassin {Detection Stab+
                  | Stlth++}
 79905 | Zig:9    | Entered Level 9 of a ziggurat
 79913 | Zig:9    | Noticed Roeczi the pandemonium lord
 79927 | Zig:9    | Killed Roeczi the pandemonium lord
 79927 | Zig:9    | Lost mutation: You have supernaturally acute eyesight.
                  | (SInv) [a cacodemon]
 79975 | Zig:9    | Found the +10 Black Knight's horse barding {ponderous,
                  | rPois rN+}
 80113 | Zig:9    | Identified the Almanac of Scorching Attacks
 80245 | Depths:4 | Voluntarily entered the Abyss.
 80688 | Abyss:1  | Noticed an ancient lich
 80710 | Abyss:1  | Killed an ancient lich
 80806 | Depths:4 | Escaped the Abyss
 80809 | Depths:4 | Voluntarily entered the Abyss.
 81094 | Abyss:1  | Noticed an ancient lich
 81116 | Abyss:1  | Killed an ancient lich
 81470 | Abyss:1  | Gained mutation: Your body sometimes deteriorates upon
                  | taking damage. [a neqoxec]
 81612 | Depths:4 | Escaped the Abyss
 81614 | Depths:4 | Voluntarily entered the Abyss.
 81694 | Abyss:1  | Gained mutation: You are frail. (-10% HP) [a shining eye]
 82021 | Abyss:1  | Reached skill level 15 in Invocations
 82025 | Depths:4 | Escaped the Abyss
 82027 | Depths:4 | Voluntarily entered the Abyss.
 82757 | Abyss:1  | Gained mutation: You are clumsy. (Dex -2) [a neqoxec]
 82941 | Depths:4 | Escaped the Abyss
 83008 | Depths:4 | Voluntarily entered the Abyss.
 83250 | Abyss:1  | Found a basalt altar of Yredelemnul.
 83552 | Depths:4 | Escaped the Abyss
 83589 | Depths:4 | Voluntarily entered the Abyss.
 83761 | Depths:4 | Escaped the Abyss
 84079 | Depths:4 | Voluntarily entered the Abyss.
 84668 | Depths:4 | Escaped the Abyss
 84670 | Depths:4 | Voluntarily entered the Abyss.
 84969 | Abyss:1  | Found a basalt altar of Yredelemnul.
 84980 | Depths:4 | Escaped the Abyss
 85047 | Depths:2 | Voluntarily entered the Abyss.
 85067 | Abyss:1  | Found a corrupted altar of Lugonu.
 85113 | Abyss:1  | Got a steaming iron ring
 85114 | Abyss:1  | Identified the ring "Ujoroavo" {Str+4 Int-5 SInv Stlth-}
                  | (You found it on level 1 of the Abyss)
 85156 | Abyss:1  | Found a corrupted altar of Lugonu.
 85394 | Abyss:1  | Found a blossoming altar of Fedhas.
 85863 | Depths:2 | Escaped the Abyss
 85865 | Depths:2 | Voluntarily entered the Abyss.
 86290 | Abyss:1  | Noticed an ancient lich
 86296 | Abyss:1  | Killed an ancient lich
 86374 | Depths:2 | Escaped the Abyss
 86376 | Depths:2 | Voluntarily entered the Abyss.
 86471 | Abyss:1  | Found a blossoming altar of Fedhas.
 86896 | Depths:2 | Escaped the Abyss
 86906 | Depths:2 | Voluntarily entered the Abyss.
 86907 | Abyss:1  | Found a basalt altar of Yredelemnul.
 87465 | Abyss:1  | Found a corrupted altar of Lugonu.
 87544 | Depths:2 | Escaped the Abyss
 87579 | Depths:2 | Voluntarily entered the Abyss.
 87811 | Abyss:1  | Found a corrupted altar of Lugonu.
 87844 | Abyss:1  | Gained mutation: Your spells are a little easier to cast,
                  | but a little less powerful. [a neqoxec]
 88016 | Depths:2 | Escaped the Abyss
 88018 | Depths:2 | Voluntarily entered the Abyss.
 88018 | Abyss:1  | Found a corrupted altar of Lugonu.
 88171 | Abyss:1  | Reached skill level 10 in Throwing
 88640 | Depths:2 | Escaped the Abyss
 88642 | Depths:2 | Voluntarily entered the Abyss.
 89513 | Depths:2 | Escaped the Abyss
 89612 | Depths:2 | Voluntarily entered the Abyss.
 90457 | Depths:2 | Escaped the Abyss
 90459 | Depths:2 | Voluntarily entered the Abyss.
 90483 | Abyss:1  | Found a bloodstained altar of Trog.
 90495 | Abyss:1  | Found a corrupted altar of Lugonu.
 90530 | Abyss:1  | Found a deep blue altar of Sif Muna.
 91044 | Depths:2 | Escaped the Abyss
 91046 | Depths:2 | Voluntarily entered the Abyss.
 91222 | Abyss:1  | Learned a level 3 spell: Spectral Weapon
 91266 | Abyss:1  | Found a corrupted altar of Lugonu.
 91699 | Depths:2 | Escaped the Abyss
 91709 | Depths:2 | Voluntarily entered the Abyss.
 92103 | Abyss:1  | Paralysed by accursed screaming for 1 turns
 92144 | Abyss:1  | Found a radiant altar of Vehumet.
 92480 | Depths:2 | Escaped the Abyss
 92602 | Depths:2 | Voluntarily entered the Abyss.
 92830 | Abyss:2  | Got a fine tin ring
 92960 | Abyss:2  | Identified the ring "Qeaf" {Wiz Int+6} (You found it on
                  | level 2 of the Abyss)
 93036 | Abyss:2  | Learned a level 3 spell: Regeneration
 93203 | Abyss:2  | Reached skill level 1 in Necromancy
 93329 | Abyss:2  | Reached skill level 10 in Spellcasting
 93539 | Abyss:2  | Found a corrupted altar of Lugonu.
 93776 | Abyss:2  | Found a corrupted altar of Lugonu.
 94272 | Abyss:2  | Reached skill level 5 in Necromancy
 94740 | Abyss:2  | Found a basalt altar of Yredelemnul.
 94790 | Abyss:2  | Found a corrupted altar of Lugonu.
 95678 | Abyss:2  | Gained mutation: You are very frail. (-20% HP) [a neqoxec]
 95838 | Abyss:2  | Paralysed by accursed screaming for 1 turns
 96519 | Abyss:2  | Found a corrupted altar of Lugonu.
 97131 | Abyss:2  | Found a corrupted altar of Lugonu.
 97539 | Abyss:2  | Found a corrupted altar of Lugonu.
 97543 | Abyss:2  | Found a corrupted altar of Lugonu.
 98059 | Depths:2 | Escaped the Abyss
 98155 | Depths:2 | Lost mutation: You possess an exceptional clarity of mind.
                  | [potion of mutation]
 98155 | Depths:2 | Lost mutation: Your spells are a little easier to cast, but
                  | a little less powerful. [potion of mutation]
 98155 | Depths:2 | Gained mutation: You are extremely frail. (-30% HP) [potion
                  | of mutation]
 98155 | Depths:2 | Gained mutation: Your mind is acute. (Int +2) [potion of
                  | mutation]
 98156 | Depths:2 | Lost mutation: You are extremely frail. (-30% HP) [potion
                  | of mutation]
 98156 | Depths:2 | Lost mutation: You are clumsy. (Dex -2) [potion of
                  | mutation]
 98156 | Depths:2 | Lost mutation: Your body sometimes deteriorates upon taking
                  | damage. [potion of mutation]
 98156 | Depths:2 | Gained mutation: You occasionally shout uncontrollably at
                  | your foes. [potion of mutation]
 98156 | Depths:2 | Gained mutation: Your muscles are strong. (Str +2) [potion
                  | of mutation]
 98157 | Depths:2 | Lost mutation: Your mind is acute. (Int +2) [potion of
                  | mutation]
 98157 | Depths:2 | Lost mutation: You occasionally shout uncontrollably at
                  | your foes. [potion of mutation]
 98157 | Depths:2 | Gained mutation: Your body sometimes deteriorates upon
                  | taking damage. [potion of mutation]
 98157 | Depths:2 | Lost mutation: Your body sometimes deteriorates upon taking
                  | damage. [potion of mutation]
 98157 | Depths:2 | Gained mutation: Your movements are slightly less
                  | encumbered by armour. (ER -2) [potion of mutation]
 98158 | Depths:2 | Lost mutation: Your muscles are strong. (Str +2) [potion of
                  | mutation]
 98158 | Depths:2 | Lost mutation: You are very frail. (-20% HP) [potion of
                  | mutation]
 98158 | Depths:2 | Lost mutation: Your movements are slightly less encumbered
                  | by armour. (ER -2) [potion of mutation]
 98158 | Depths:2 | Gained mutation: Your spells are a little harder to cast,
                  | but a little more powerful. [potion of mutation]
 98158 | Depths:2 | Gained mutation: Your magical capacity is low. (-10% MP)
                  | [potion of mutation]
 98158 | Depths:2 | Lost mutation: Your magical capacity is low. (-10% MP)
                  | [potion of mutation]
 98158 | Depths:2 | Gained mutation: You evolve. [potion of mutation]
 98174 | Depths:2 | Voluntarily entered the Abyss.
 98297 | Abyss:1  | Gained mutation: You occasionally shout uncontrollably at
                  | your foes. [a neqoxec]
 98364 | Abyss:1  | Paralysed by accursed screaming for 1 turns
 98920 | Abyss:1  | Noticed an ancient lich
 98937 | Abyss:1  | Killed an ancient lich
 98939 | Abyss:2  | Found a corrupted altar of Lugonu.
 99729 | Abyss:3  | Got an abyssal rune of Zot
 99779 | Abyss:3  | Found a corrupted altar of Lugonu.
 99858 | Abyss:3  | Paralysed by accursed screaming for 1 turns
 99984 | Abyss:3  | Found a shattered altar of Ashenzari.
100022 | Abyss:3  | Lost mutation: You are frail. (-10% HP) [evolution]
100045 | Abyss:3  | Reached skill level 10 in Charms
100214 | Abyss:3  | Gained mutation: You are resistant to hostile enchantments.
                  | (MR+) [a neqoxec]
100286 | Abyss:3  | Reached skill level 10 in Transmutations
100316 | Depths:2 | Escaped the Abyss
101146 | Shoals:3 | Bought a potion of might for 108 gold pieces
101146 | Shoals:3 | Bought a box of beasts for 540 gold pieces
101472 | Elf:2    | Bought a wand of acid (3) for 210 gold pieces
101472 | Elf:2    | Bought a phantom mirror for 450 gold pieces
101476 | Elf:2    | Bought a box of beasts for 300 gold pieces
101476 | Elf:2    | Bought a wand of acid (4) for 240 gold pieces
101907 | Zot:1    | Reached skill level 10 in Evocations
102158 | Zot:1    | Noticed an orb of fire
102170 | Zot:1    | Killed an orb of fire
102296 | Zot:1    | Noticed an orb of fire
102296 | Zot:1    | Gained mutation: Your body sometimes deteriorates upon
                  | taking damage. [an orb of fire]
102297 | Zot:1    | Noticed an orb of fire
102298 | Zot:1    | Gained mutation: Scrolls take you a little longer to read.
                  | [an orb of fire]
102522 | Zot:2    | Noticed an orb of fire
102525 | Zot:2    | Gained mutation: You sometimes yell uncontrollably at your
                  | foes. [an orb of fire]
102541 | Zot:2    | Killed an orb of fire
104850 | Zot:3    | Noticed an ancient lich
104895 | Zot:3    | Noticed an orb of fire
105185 | Zot:3    | Found a radiant altar of Vehumet.
105189 | Zot:3    | Found a transporter.
105189 | Zot:3    | Noticed an orb of fire
105418 | Zot:3    | Gained mutation: You are agile. (Dex +2) [evolution]
105547 | Zot:4    | Noticed an orb of fire
105558 | Zot:4    | Gained mutation: You are frail. (-10% HP) [an orb of fire]
105567 | Zot:4    | Lost mutation: Your spells are a little harder to cast, but
                  | a little more powerful. [an orb of fire]
105571 | Zot:4    | Gained mutation: Your magical capacity is low. (-10% MP)
                  | [an orb of fire]
105571 | Zot:4    | Killed an orb of fire
105589 | Zot:4    | Lost mutation: Your body sometimes deteriorates upon taking
                  | damage. [potion of mutation]
105589 | Zot:4    | Lost mutation: You are resistant to hostile enchantments.
                  | (MR+) [potion of mutation]
105589 | Zot:4    | Lost mutation: You are frail. (-10% HP) [potion of
                  | mutation]
105589 | Zot:4    | Gained mutation: Your flesh is heat resistant. (rF+)
                  | [potion of mutation]
105589 | Zot:4    | Gained mutation: You tend to lose your temper in combat.
                  | [potion of mutation]
105589 | Zot:4    | Gained mutation: You are partially covered in molten
                  | scales. (AC +2) [potion of mutation]
105590 | Zot:4    | Lost mutation: Your magical capacity is low. (-10% MP)
                  | [potion of mutation]
105590 | Zot:4    | Lost mutation: You tend to lose your temper in combat.
                  | [potion of mutation]
105590 | Zot:4    | Gained mutation: You have a beak for a mouth. [potion of
                  | mutation]
105590 | Zot:4    | Lost mutation: Scrolls take you a little longer to read.
                  | [potion of mutation]
105590 | Zot:4    | Gained mutation: You are partially covered in rugged brown
                  | scales. (AC +1, +3% HP) [potion of mutation]
105856 | Zot:4    | Reached skill level 15 in Evocations
106021 | Zot:4    | Identified the +4 dragonskin cloak
106021 | Zot:4    | Noticed Tiamat
106060 | Zot:4    | Killed Tiamat
107672 | Zot:5    | Entered Level 5 of the Realm of Zot
108073 | Zot:5    | Reached skill level 15 in Throwing
108895 | Zot:5    | Noticed an ancient lich
108914 | Zot:5    | Killed an ancient lich
109023 | Zot:5    | Noticed an ancient lich
109040 | Zot:5    | Killed an ancient lich
109061 | Zot:5    | Noticed an orb of fire
109078 | Zot:5    | Gained mutation: You do not regenerate when monsters are
                  | visible. [an orb of fire]
109080 | Zot:5    | Killed an orb of fire
109081 | Zot:5    | Noticed an orb of fire
109089 | Zot:5    | Killed an orb of fire
109116 | Zot:5    | Noticed an ancient lich
109131 | Zot:5    | Killed an ancient lich
109526 | Zot:5    | Noticed an orb of fire
109544 | Zot:5    | Killed an orb of fire
109575 | Zot:5    | Noticed an orb of fire
109589 | Zot:5    | Noticed an orb of fire
109597 | Zot:5    | Killed an orb of fire
109602 | Zot:5    | Killed an orb of fire
109605 | Zot:5    | Noticed an ancient lich
109689 | Zot:5    | Gained mutation: Your flesh is cold resistant. (rC+)
                  | [evolution]
109911 | Zot:5    | Killed an ancient lich
109921 | Zot:5    | Noticed an ancient lich
109935 | Zot:5    | Killed an ancient lich
109977 | Zot:5    | Noticed an ancient lich
110031 | Zot:5    | Got the Orb of Zot
110053 | Zot:5    | Killed an ancient lich
110187 | Depths:5 | Noticed Duror the pandemonium lord
110252 | Depths:2 | Noticed Ibuaf the pandemonium lord
110372 | Depths:1 | Noticed a seraph
110501 | D:7      | Found a blossoming altar of Fedhas.
110636 | D:$      | Escaped with the Orb!

Levels and vault maps discovered:
D:1:      wander_arrival_chamber, layout_basic, serial_curves, eino_curves_02,
          eino_curves_03
D:2:      layout_loops_cross, chequers_ecumenical_altar_island, first_ration
D:3:      layout_rooms, uniq_robin
D:4:      layout_basic, minmay_temple_entry_enclosed_plants, grunt_ministairs_2
D:5:      layout_rooms, okawaru_gym_becter
D:6:      layout_basic, grunt_temple_overflow_order_and_chaos_2,
          lemuel_doored_altar, cheibrodos_sewer_entry_bend, uniq_grinder
D:7:      corexii_shantytown, layout_basic, nicolae_overflow_hidden_temple,
          overflow_temple_1_default, lemuel_round_altar, uniq_duvessa
D:8:      layout_basic, david_lair_shrubbed, minmay_gold_behind_fungi
D:9:      layout_roguey, blue_anna_alchemist [blue_anna_fruit_fields,
          blue_anna_fruit_fields], minmay_ruffians
D:10:     minmay_the_grid_triangle_9x9_rhombus_full
          [minmay_the_grid_triangle_9x9_skeleton,
          minmay_the_grid_triangle_9x9_shrine,
          minmay_the_grid_triangle_9x9_thin_v,
          minmay_the_grid_triangle_9x9_dagger,
          minmay_the_grid_triangle_9x9_zippers_vertical,
          minmay_the_grid_triangle_9x9_steps,
          minmay_the_grid_triangle_9x9_corruption,
          minmay_the_grid_triangle_9x9_prize_center], layout_rooms, orc_0_dummy,
          minmay_orc_keep, uniq_josephine, uniq_nergalle
D:11:     layout_cave_pools, gammafunk_ghost_wrathful_warriors
D:12:     layout_cave_pools
D:13:     layout_roguey, minmay_librarian
D:14:     kennysheep_treasure_stockpile, layout_rooms, david_vaults_5,
          serial_shops, shop, basic_altar, kennysheep_decorative_pillar,
          gammafunk_ghost_berserking_beasts, chequers_serial_rivers_micro_e
D:15:     gammafunk_enter_depths_forms, layout_irregular_city, fedhas_altar_1,
          serial_column_ruins, column_ruins_hut_ruined, column_ruins_open_tiny,
          column_ruins_grid_1, column_ruins_open_small_water,
          column_ruins_open_medium
Temple:   jpeg_temple_clearing
Lair:1:   dpeg_oklob_gauntlet, layout_regular_city, nzn_random_ring
Lair:2:   layout_regular_city, guppyfry_snake_entry_island, grunt_megastairs_5,
          infiniplex_staircase_pool_2
Lair:3:   layout_chaotic_city, elwin_shoals_entry_rooms
Lair:4:   layout_concentric_octagons, gammafunk_ghost_cemetery,
          serial_bayou_pond_a, grunt_megastairs_1
Lair:5:   layout_layer_cave, dpeg_slime_entry_enclosed_altar,
          chequers_serial_rivers_micro_b
Lair:6:   due_jungle_book, layout_misc_corridors
Shoals:1: layout_shoals, serial_shops, nicolae_shop_stone
Shoals:2: layout_shoals
Shoals:3: layout_shoals, serial_shops, shop, regret_index_shoals_crete
Shoals:4: shoals_end_hangedman, layout_shoals, gammafunk_ghost_grave,
          nicolae_shoals_arrival_archipelago, uniq_polyphemus
Snake:1:  layout_onion_interference, st_stairs_3, grunt_ministairs_7
Snake:2:  layout_grid_maze
Snake:3:  layout_gridlike, nicolae_large_snake_swirl, grunt_megastairs_2,
          minmay_shoptagon, serial_bayou_shore_b
Snake:4:  grunt_snake_rune_serpentine_throne, layout_misc_corridors,
          grunt_megastairs_4, uniq_vashnia
Slime:1:  layout_caves
Slime:2:  layout_caves
Slime:3:  layout_caves, cheibrodos_slime_lost_civilization_7, uniq_dissolution
Slime:4:  layout_caves
Slime:5
Orc:1:    layout_caves
Orc:2:    st_orc_elflike, layout_diamond_mine, elves_outpost_lemuel
Elf:1:    elf_arrival_001, layout_gridlike, serial_shops, shop,
          minmay_elf_crystal_heptagon, st_stairs_12
Elf:2:    layout_gridlike, serial_shops, nicolae_shop_waterfront,
          hangedman_research_quantum, minmay_shop_grove
Elf:3:    minmay_elf_hall_circle, layout_geoelf_octagon, serial_shops,
          nicolae_shop_behind_doors
Vaults:1: grunt_vaults_hallway_short, ontoclasm_vaults_pinch,
          ontoclasm_vaults_spin, nicolae_vaults_three_branches,
          ontoclasm_vaults_misaligned, vaults_mumra_hexcomb,
          hangedman_vaults_restitches, vaults_room_grid, vaults_mumra_hex,
          layout_vaults_quadrants, serial_shops, nicolae_shop_trees
Vaults:2: nicolae_vaults_stairing_the_circle, hangedman_vaults_cutoff,
          nicolae_vaults_network_square, vaults_room_grunt_arrival_checkpoint,
          ontoclasm_vaults_ring_large, v_misc_10, ontoclasm_vaults_fault,
          nicolae_vaults_ninety_degrees, v_misc_23, vaults_dpeg_encased_lava,
          layout_vaults_omnibox, serial_shops, nicolae_shop_stone
Vaults:3: ploomutoo_gammafunk_vaults_ghost_potion_laboratory, vaults_dpeg_cross,
          nicolae_vaults_big_ls, minmay_crypt_entry_necro_gods,
          ontoclasm_vaults_shuriken, v_misc_4, v_pattern_5,
          ontoclasm_vaults_shout, vaults_room_grunt_arrival_ludios, v_misc_5,
          vaults_room_fours, nicolae_vaults_little_squares_2, vaults_dpeg_ring,
          nicolae_vaults_specimen_jars, vaults_room_grid,
          layout_vaults_maze_snakey, uniq_frederick, uniq_boris, uniq_jory
Vaults:4: ebering_vaults_ghost_disaster_area, nicolae_vaults_c_with_doors,
          vaults_room_fancy_cross, nicolae_vaults_diagonal_hallway_7,
          v_pattern_4, v_misc_27, v_misc_29, vaults_mumra_minichess,
          layout_vaults_ring, serial_shops, nicolae_shop_trees, uniq_xtahua
Vaults:5
Crypt:1:  layout_gridlike, ebering_ghost_rock_garden, st_stairs_10,
          grunt_crypt_arrival_webbed, uniq_sojobo
Crypt:2:  layout_basic
Crypt:3:  lightli_unholy_cathedral, layout_chaotic_city,
          tomb_entry_simple_bobbens, minivault_23
Depths:1: layout_roguey, serial_bayou_shore_b, hell_entry, abyss_entry,
          lemuel_statue_altar, grunt_megastairs_3, uniq_saint_roka
Depths:2: cross_vault, layout_basic, abyss_entry, grunt_decor_arrowhead,
          hangedman_coc_ice_floe, serial_shops, nicolae_shop_crystal,
          roderic_lattice_octagonal_star, infiniplex_staircase_spiral_double
Depths:3: minmay_five_octagons, layout_basic, grunt_metal_band, pan_entry,
          minmay_splitting_lines, hangedman_blasphemy, uniq_enchantress,
          uniq_asterion
Depths:4: grunt_runaround [grunt_runaround_doors_1, grunt_runaround_doors_2,
          grunt_runaround_doors_3, grunt_runaround_doors_4,
          grunt_runaround_loot], hell_entry, abyss_entry
Depths:5: evilmike_zot_entry_basic, layout_gridville, enter_ziggurat_a,
          hangedman_decor_slide_cut, hell_entry, hangedman_decor_cross_pass,
          serial_bayou_shore_a
Zot:1:    layout_twisted_circle, lemuel_lake_of_fire
Zot:2:    minmay_elemental_castle, layout_cathedral_of_symmetry
Zot:3:    gammafunk_sealed_library, layout_basic, hangedman_zot_decor_tridents
Zot:4:    layout_cathedral_of_symmetry, uniq_tiamat
Zot:5:    layout_twisted_circle

Skill      XL: |  1  2  3  4  5  6  7  8  9 10 11 12 13 14 15 16 17 18 19 20 21 22 23 24 25 26 27 |
---------------+----------------------------------------------------------------------------------+-----
Polearms       | 5 6 7 8 9 10 12 13 14 17 21 23 27 | 27.0
Stealth        | 1 |  1.1
Fighting       | 3 4 5 7 9 10 12 14 16 18 19 20 21 22 23 24 27 | 27.0
Armour         | 1 2 3 4 5 6 7 9 10 11 12 13 14 15 16 23 | 23.0
Throwing       | 4 5 16 | 16.3
Shields        | 3 5 7 9 11 12 13 14 15 | 15.0
Invocations    | 2 3 5 6 7 8 11 12 18 | 18.1
Hexes          | 2 4 5 7 |  7.2
Spellcasting   | 2 3 5 14 | 14.2
Evocations     | 1 3 4 5 6 7 19 | 19.8
Translocations | 2 4 5 |  5.3
Dodging        | 12 16 24 | 24.0
Transmutations | 3 7 10 | 10.0
Earth Magic    | 2 4 |  4.5
Charms         | 10 | 10.3
Necromancy     | 7 |  7.6

Action                   |  1- 3 |  4- 6 |  7- 9 | 10-12 | 13-15 | 16-18 | 19-21 | 22-24 | 25-27 || total
-------------------------+-------+-------+-------+-------+-------+-------+-------+-------+-------++-------
Melee: Trident           |    88 |   221 |   475 |   764 |  1653 |  1077 |    55 |    63 |    53 ||  4449
       Tailslap          |       |       |     3 |     1 |    31 |   131 |       |    16 |    24 ||   206
       Headbutt          |       |       |       |   167 |   497 |    84 |       |       |       ||   748
       Spear             |       |       |       |   368 |   476 |       |       |       |       ||   844
       Demon trident     |       |       |       |       |       |  1169 |  1859 |  1821 |  8289 || 13138
       Peck              |       |       |       |       |       |       |       |       |   114 ||   114
Throw: Dart              |       |    22 |    22 |    43 |    11 |       |     8 |       |       ||   106
       Boomerang         |       |       |     1 |    18 |    16 |       |       |       |       ||    35
       Throwing net      |       |       |       |     1 |       |       |       |       |     3 ||     4
       Javelin           |       |       |       |       |       |    13 |    13 |    30 |    16 ||    72
 Cast: Blink             |       |       |       |       |       |     3 |       |       |       ||     3
       Apportation       |       |       |       |       |       |       |     4 |       |     2 ||     6
       Passwall          |       |       |       |       |       |       |       |     2 |    13 ||    15
       Song of Slaying   |       |       |       |       |       |       |       |       |   181 ||   181
       Regeneration      |       |       |       |       |       |       |       |       |    79 ||    79
       Spectral Weapon   |       |       |       |       |       |       |       |       |    37 ||    37
Invok: Recall Ancestor   |       |       |     2 |     3 |     9 |    14 |     7 |    10 |    86 ||   131
       Ancestor Identity |       |       |     1 |       |       |       |       |       |       ||     1
       Ancestor Life: He |       |       |       |     1 |       |       |       |       |       ||     1
       Idealise          |       |       |       |       |       |     5 |     7 |     5 |    22 ||    39
 Abil: Evoke Ratskin     |       |       |       |       |       |     1 |     7 |       |       ||     8
       Evoke Flight      |       |       |       |       |       |       |       |       |     3 ||     3
Evoke: Wand              |       |       |     5 |     4 |     9 |     1 |     7 |     7 |    20 ||    53
       Phial of floods   |       |       |       |       |     1 |     2 |     2 |     1 |     2 ||     8
       Box of beasts     |       |       |       |       |       |       |       |       |     6 ||     6
       Lamp of fire      |       |       |       |       |       |       |       |       |     5 ||     5
       Phantom mirror    |       |       |       |       |       |       |       |       |     1 ||     1
  Use: Scroll            |       |     5 |     4 |     7 |    17 |    11 |    10 |    12 |    50 ||   116
       Potion            |       |       |     4 |     1 |     1 |     4 |     5 |     5 |    34 ||    54
 Stab: Sleeping          |     2 |       |       |       |       |       |       |       |       ||     2
       Distracted        |       |       |     2 |    20 |    25 |    26 |    17 |    15 |   111 ||   216
       Confused          |       |       |       |    11 |    30 |    12 |    92 |    83 |   295 ||   523
       Petrified         |       |       |       |       |    10 |       |       |       |       ||    10
       Petrifying        |       |       |       |       |     1 |       |       |       |     1 ||     2
       Paralysed         |       |       |       |       |    20 |    87 |    55 |    56 |   183 ||   401
       Held in net/web   |       |       |       |       |       |     1 |       |       |     2 ||     3
       Invisible         |       |       |       |       |       |       |       |       |    16 ||    16
  Eat: Chunk             |     1 |     8 |    15 |    17 |    24 |    23 |    22 |    19 |    52 ||   181
       Ration            |       |       |       |     2 |     6 |     6 |     3 |     4 |    36 ||    57
Armor: Leather armour    |     8 |     2 |       |       |       |       |       |       |       ||    10
       Scale mail        |       |    62 |   106 |     9 |       |       |       |       |       ||   177
       Chain mail        |       |       |       |    29 |       |       |       |       |       ||    29
       Ring mail         |       |       |       |    30 |       |       |       |       |       ||    30
       Plate armour      |       |       |       |    90 |   154 |       |       |       |       ||   244
       Pearl dragon scal |       |       |       |       |   240 |   598 |   297 |   310 |    12 ||  1457
       Gold dragon scale |       |       |       |       |       |       |       |       |  1968 ||  1968
Dodge: Dodged            |    44 |   116 |   121 |   188 |   379 |   644 |   527 |   501 |  1527 ||  4047
Block: Shield            |       |       |    94 |   298 |   649 |  1250 |   746 |   720 |  3090 ||  6847
       Reflection        |       |       |       |       |     7 |   105 |    94 |    47 |    97 ||   350

Table legend:
 A = Non-vault XP
 B = Vault XP
 C = Vault XP percentage of total XP
 D = Non-vault monster count
 E = Vault monster count
 F = Vault count percentage of total count
                 A         B        C        D         E       F
            +---------+---------+-------+---------+---------+-------
      Total | 1929737 | 1023130 |  34.6 |    3453 |    1036 |  23.1
            +---------+---------+-------+---------+---------+-------
        D:1 |      35 |       0 |   0.0 |      13 |       0 |   0.0
        D:2 |      78 |       4 |   4.9 |      24 |       2 |   7.7
        D:3 |     204 |      31 |  13.2 |      32 |      10 |  23.8
        D:4 |     578 |      36 |   5.9 |      19 |       1 |   5.0
        D:5 |     537 |       0 |   0.0 |      20 |       0 |   0.0
        D:6 |     746 |     282 |  27.4 |      12 |       2 |  14.3
        D:7 |    1044 |     330 |  24.0 |      31 |      34 |  52.3
        D:8 |    1245 |     343 |  21.6 |      22 |       1 |   4.3
        D:9 |    1829 |    1215 |  39.9 |      20 |       6 |  23.1
       D:10 |    2781 |    8918 |  76.2 |      32 |      42 |  56.8
       D:11 |    4715 |    4006 |  45.9 |      46 |       8 |  14.8
       D:12 |    7322 |       0 |   0.0 |      39 |       0 |   0.0
       D:13 |    5376 |     646 |  10.7 |      20 |       1 |   4.8
       D:14 |    6919 |   21458 |  75.6 |      26 |      40 |  60.6
       D:15 |   11339 |    3745 |  24.8 |      41 |       7 |  14.6
     Lair:1 |    5150 |    2698 |  34.4 |      29 |      10 |  25.6
     Lair:2 |    2265 |     147 |   6.1 |       9 |       1 |  10.0
     Lair:3 |    4138 |    1014 |  19.7 |      19 |       4 |  17.4
     Lair:4 |   13011 |    3317 |  20.3 |      30 |       7 |  18.9
     Lair:5 |   10888 |       0 |   0.0 |      40 |       0 |   0.0
     Lair:6 |    8682 |    2800 |  24.4 |      23 |       5 |  17.9
   Shoals:1 |   16287 |       0 |   0.0 |      30 |       0 |   0.0
   Shoals:2 |   16377 |       0 |   0.0 |      33 |       0 |   0.0
   Shoals:3 |   13467 |    7870 |  36.9 |      26 |      14 |  35.0
   Shoals:4 |    9574 |   26312 |  73.3 |      23 |      39 |  62.9
    Snake:1 |   20291 |    2422 |  10.7 |      35 |       4 |  10.3
    Snake:2 |   17211 |       0 |   0.0 |      30 |       0 |   0.0
    Snake:3 |    9696 |    2704 |  21.8 |      21 |       6 |  22.2
    Snake:4 |   23635 |   48620 |  67.3 |      44 |      74 |  62.7
    Slime:1 |   16578 |       0 |   0.0 |      19 |       0 |   0.0
    Slime:2 |   29630 |   13846 |  31.8 |      59 |       1 |   1.7
    Slime:3 |    7111 |    1064 |  13.0 |      10 |       1 |   9.1
    Slime:4 |   17755 |     268 |   1.5 |      27 |       1 |   3.6
    Slime:5 |   24291 |   33007 |  57.6 |      42 |      16 |  27.6
      Orc:1 |    1959 |       0 |   0.0 |      28 |       0 |   0.0
      Orc:2 |    2901 |   13436 |  82.2 |      35 |      34 |  49.3
      Elf:1 |    8858 |   10206 |  53.5 |      14 |      16 |  53.3
      Elf:2 |    9172 |    8954 |  49.4 |      15 |      13 |  46.4
      Elf:3 |   10255 |   47991 |  82.4 |      15 |      31 |  67.4
   Vaults:1 |   42561 |   11616 |  21.4 |      77 |      26 |  25.2
   Vaults:2 |   28312 |   23121 |  45.0 |      41 |      36 |  46.8
   Vaults:3 |   15519 |   78645 |  83.5 |      25 |      75 |  75.0
   Vaults:4 |   44489 |   30095 |  40.4 |      69 |      37 |  34.9
   Vaults:5 |   25722 |  109241 |  80.9 |      32 |      83 |  72.2
    Crypt:1 |   47543 |   15727 |  24.9 |      56 |       8 |  12.5
    Crypt:2 |   32992 |       0 |   0.0 |      34 |       0 |   0.0
    Crypt:3 |   22950 |   40485 |  63.8 |      48 |      34 |  41.5
   Depths:1 |   14241 |    8454 |  37.3 |      24 |      14 |  36.8
   Depths:2 |   62157 |    9933 |  13.8 |      80 |       7 |   8.0
   Depths:3 |   24720 |   54026 |  68.6 |      26 |      49 |  65.3
   Depths:4 |    3814 |  104711 |  96.5 |       5 |     100 |  95.2
   Depths:5 |   58683 |   12697 |  17.8 |      69 |       8 |  10.4
      Zot:1 |   36369 |       0 |   0.0 |      18 |       0 |   0.0
      Zot:2 |   58116 |   27696 |  32.3 |      28 |      15 |  34.9
      Zot:3 |   61529 |       0 |   0.0 |      36 |       0 |   0.0
      Zot:4 |   49981 |   22646 |  31.2 |      19 |      12 |  38.7
      Zot:5 |   24225 |  182379 |  88.3 |      11 |      46 |  80.7
    Abyss:1 |  560643 |    7606 |   1.3 |     953 |       9 |   0.9
    Abyss:2 |  271068 |    7792 |   2.8 |     565 |      11 |   1.9
    Abyss:3 |   40639 |    8448 |  17.2 |     105 |      26 |  19.8
      Zig:1 |    2967 |       0 |   0.0 |       1 |       0 |   0.0
      Zig:2 |    2333 |       0 |   0.0 |       3 |       0 |   0.0
      Zig:3 |    4920 |       0 |   0.0 |       3 |       0 |   0.0
      Zig:4 |    4181 |       0 |   0.0 |       8 |       0 |   0.0
      Zig:5 |    2815 |       0 |   0.0 |       9 |       0 |   0.0
      Zig:6 |    6737 |       0 |   0.0 |      15 |       0 |   0.0
      Zig:7 |    7556 |       0 |   0.0 |      13 |       0 |   0.0
      Zig:8 |   10551 |       0 |   0.0 |      14 |       0 |   0.0
      Zig:9 |   17474 |       0 |   0.0 |      13 |       0 |   0.0
      Sewer |       0 |     122 | 100.0 |       0 |       9 | 100.0
            +---------+---------+-------+---------+---------+-------
